 Dungeon Crawl Stone Soup version 0.30-a0-913-g9934a0ce24 (webtiles) character file.

Game seed: 16386522438045860072

18648 selver the Cruncher (level 12, -5/89 HPs)
             Began as a Demonspawn Venom Mage on Mar 20, 2023.
             Was a Priest of Vehumet.
             Slain by a six-headed hydra (10 damage)
             ... on level 2 of the Lair of Beasts.
             The game lasted 00:44:59 (12476 turns).

selver the Cruncher (Demonspawn Venom Mage)        Turns: 12476, Time: 00:45:01

Health: -5/89      AC: 19    Str:  8    XL:     12   Next: 29%
Magic:  25/25      EV: 17    Int: 25    God:    Vehumet [***...]
Gold:   295        SH:  0    Dex: 15    Spells: 16/29 levels left

rFire   + . .      SeeInvis .    f - +10 quarterstaff of Gautzein {elec, Fly}
rCold   . . .      Faith    .    (shield currently unavailable)
rNeg    . . .      Spirit   .    y - +7 leather armour of Loan {Contam rF+ Will+}
rPois   .          Reflect  +    B - +2 helmet of the Charming Gods {rElec}
rElec   +          Rampage  .    H - +2 cloak {rCorr}
rCorr   +                        (no gloves)
Will    +....                    w - +2 pair of boots
Stlth   +                        p - amulet of reflection
HPRegen 0.34/turn                u - +5 ring of evasion
MPRegen 0.38/turn                D - ring of wizardry

@: confused, about to teleport, ambrosia-drunk, flying
A: spiny 1, magic regeneration, big brain 2, demonic touch 2
a: Renounce Religion


You were on level 2 of the Lair of Beasts.
You worshipped Vehumet.
Vehumet was most pleased with you.
You visited 3 branches of the dungeon, and saw 13 of its levels.
You also visited: Ossuary.

You collected 946 gold pieces.
You spent 651 gold pieces at shops.

Inventory:

Hand Weapons
 f - the +10 quarterstaff of Gautzein (weapon) {elec, Fly}
   (You found it on level 3 of the Dungeon)

   Fly:       It grants you flight.
Missiles
 t - 2 throwing nets
Armour
 w - a +2 pair of boots (worn)
 y - the +7 leather armour of Loan (worn) {Contam rF+ Will+}
   (You found it on level 4 of the Dungeon)

   rF:        It protects you from fire.
   Contam:    It causes magical contamination when unequipped.
   Will:      It increases your willpower.
 B - the +2 helmet of the Charming Gods (worn) {rElec}
   (You found it on level 5 of the Dungeon)

   rElec:     It insulates you from electricity.
 H - a +2 cloak of preservation (worn)
Magical Staves
 k - a staff of conjuration
Jewellery
 a - a +4 ring of protection
 d - a ring of positive energy
 j - a ring of ice
 p - an amulet of reflection (around neck)
 u - a +5 ring of evasion (left hand)
 D - a ring of wizardry (right hand)
 E - a ring of see invisible
Wands
 o - a wand of light (5)
 r - a wand of paralysis (13)
 z - a wand of iceblast (16)
 I - a wand of digging (4)
Scrolls
 h - 5 scrolls of teleportation
 l - 3 scrolls of enchant weapon
 s - a scroll of poison
 v - a scroll of amnesia
 x - 2 scrolls of noise
 A - a scroll of magic mapping
 J - 2 scrolls of enchant armour
 L - 2 scrolls of fear
Potions
 b - a potion of magic
 c - 2 potions of degeneration
 e - 3 potions of lignification
 g - a potion of haste
 i - 3 potions of might
 m - 4 potions of brilliance
 n - 4 potions of curing
 q - 4 potions of attraction
 C - a potion of flight
 F - 3 potions of cancellation {unknown}
 K - 2 potions of berserk rage {unknown}


   Skills:
 + Level 6.5 Fighting
 + Level 11.7 Staves
 + Level 2.6 Dodging
 - Level 1.7 Stealth
 - Level 9.0 Spellcasting
 - Level 2.7 Conjurations
 - Level 0.8 Transmutations
 - Level 4.4 Air Magic
 - Level 10.0 Poison Magic


You had 16 spell levels left.
You knew the following spells:

 Your Spells              Type           Power      Damage    Failure   Level
a - Sting                 Tmut/Pois      100%       1d8       1%          1
b - Poisonous Vapours     Pois/Air       94%        N/A       1%          2
c - Olgreb's Toxic Radia  Pois           57%        N/A       1%          4
d - Mephitic Cloud        Conj/Pois/Air  39%        N/A       1%          3
e - Swiftness             Air            33%        N/A       1%          3

Your spell library contained the following spells:

 Spells                   Type           Power      Damage    Failure   Level
 Dazzling Flash           Conj/Hex       36%        N/A       1%          3
 Hailstorm                Conj/Ice       18%        3d6       1%          3
 Spider Form              Tmut/Pois      38%        N/A       1%          3
 Necrotise                Necr           44%        1d6       3%          1
 Ensorcelled Hibernation  Hex/Ice        22%        N/A       4%          2
 Passwall                 Tmut/Erth      10%        N/A       4%          2
 Portal Projectile        Hex/Tloc       22%        N/A       10%         3
 Tukima's Dance           Hex            11%        N/A       10%         3
 Vampiric Draining        Necr           11%        2d6       10%         3
 Ice Form                 Ice/Tmut       13%        N/A       26%         4
 Anguish                  Hex/Necr       5%         N/A       30%         4
 Blade Hands              Tmut           7%         N/A       50%         5
 Agony                    Necr           11%        N/A       61%         5
 Simulacrum               Ice/Necr       5%         N/A       99%         6


Dungeon Overview and Level Annotations

Branches:
Dungeon (10/15)            Temple (1/1) D:7            Lair (2/5) D:8
 Spider (0/4) Lair:2          Orc (0/2) D:10        Ossuary (visited)
  Swamp: Lair:2-3    Shoals: Lair:2-3

Altars:
Ashenzari
Cheibriados
Dithmenos
Fedhas
Gozag
Hepliaklqana
Kikubaaqudgha
Makhleb
Nemelex Xobeh
Okawaru
Qazlal
Ru
Sif Muna
Trog
Uskayaw
Vehumet
Wu Jian
Xom
Yredelemnul

Shops:
D:3 (((   D:6 ?[**

Annotations:
D:7 2 transporters, Jeffwins's ghost, novice HuWn


Innate Abilities, Weirdness & Mutations

You are partially covered in sharp spines.
You regenerate magic rapidly.
You have an extremely huge brain. (Int +4)
Your touch may inflict irresistible damage on your foes.


Message History

The komodo dragon bites you!!
The komodo dragon is engulfed in noxious fumes.
The six-headed hydra attacks as you move away!
You block the six-headed hydra's attack.
The six-headed hydra bites you but does no damage.
The six-headed hydra closely misses you.
The six-headed hydra bites you but does no damage. x2
The six-headed hydra closely misses you.
As you read the scroll of teleportation, it crumbles to dust.
You feel strangely unstable.
The six-headed hydra is struck by your spines.
The six-headed hydra completely misses you.
The six-headed hydra closely misses you. x2
The six-headed hydra bites you.
The six-headed hydra bites you but does no damage. x2
The six-headed hydra attacks as you move away!
The six-headed hydra bites you.
The six-headed hydra bites you but does no damage.
The six-headed hydra barely misses you.
The six-headed hydra completely misses you.
The six-headed hydra misses you. The six-headed hydra bites you!
* * * LOW HITPOINT WARNING * * *
The komodo dragon seems less confused.
The six-headed hydra attacks as you move away!
The six-headed hydra is struck by your spines.
The six-headed hydra bites you but does no damage.
The six-headed hydra barely misses you.
You block the six-headed hydra's attack.
The six-headed hydra bites you.
* * * LOW HITPOINT WARNING * * *
The six-headed hydra bites you but does no damage.
The six-headed hydra bites you!
* * * LOW HITPOINT WARNING * * *
You are confused.
You feel invigorated. The six-headed hydra bites you.
* * * LOW HITPOINT WARNING * * *
The six-headed hydra bites you.
* * * LOW HITPOINT WARNING * * *
The six-headed hydra bites you!
You die...

*** ****** ##* ######## ###
**,*####..#.###.#####..##..###.##
,,,,.............................
,,,,.......>.....................
,,,,.............................
,,,,.............................
,,,,.............................
,,,,.[.....†[....................
,,,,.......l.l.D@................
,,,,..P####.###.##..##..#######..
,,,,,,** ### ########### ###
,,,,,,** ,,,,,,,* ,,,,,,**
,,,,,,* ,,,,,,* ,,,,,,*


You could see a six-headed hydra and 2 komodo dragons.

Vanquished Creatures
  A hydra (Lair:2)
  A catoblepas (D:8)
  A boulder beetle (Lair:1)
  A two-headed ogre (D:9)
  Urug (D:10)
  A skyshark (Lair:2)
  Pikel (D:7)
  5 elephants
  Maurice (D:10)
  A black mamba (Lair:1)
  2 cane toads
  A rime drake (Lair:1)
  An unseen horror (D:10)
  A polar bear (Lair:2)
  2 hornets
  8 blink frogs
  A shadow (D:9)
  A wraith (D:10)
  A vampire (D:10)
  18 yaks
  A basilisk (Lair:2)
  A steam dragon (D:8)
  3 wargs (D:8)
  16 water moccasins
  An acid dragon (D:9)
  2 orc warriors
  2 ice beasts
  A sky beast (D:7)
  2 black bears (D:6)
  3 ogres
  2 centaurs
  2 lemures (D:7)
  2 kobold brigands (D:10)
  4 bullfrogs
  7 scorpions
  2 gnoll sergeants (D:9)
  8 wights
  4 killer bees (D:7)
  A howler monkey (D:8)
  4 hounds
  8 orc priests
  A jelly (D:4)
  Crazy Yiuf (D:7)
  A gnoll bouda (D:4)
  An iguana (D:7)
  14 orc wizards
  2 mummies (Ossuary)
  14 gnolls
  7 adders
  3 shadow imps
  3 ufetubi
  2 worms (D:2)
  3 dart slugs
  44 orcs
  13 ball pythons
  7 bats
  10 endoplasms
  7 giant cockroaches
  5 gnoll zombies (Ossuary)
  9 hobgoblins
  3 quokkas
  5 frilled lizards
  8 goblins
  A goblin zombie (Ossuary)
  7 hobgoblin zombies (Ossuary)
  18 kobolds
  An orc zombie (Ossuary)
  5 rats
321 creatures vanquished.

Vanquished Creatures (others)
  An orc (D:8)
  3 fungi (Lair:1)
  4 plants
8 creatures vanquished.

Grand Total: 329 creatures vanquished

Notes
Turn   | Place    | Note
-------+----------+-------------------------------------------
     0 | D:1      | selver the Demonspawn Venom Mage began the quest for the
                  | Orb.
     0 | D:1      | Reached XP level 1. HP: 13/13 MP: 3/3
   178 | D:1      | Gained mutation: You are partially covered in sharp spines.
                  | [demonic ancestry]
   178 | D:1      | Reached XP level 2. HP: 14/19 MP: 0/5
   594 | D:1      | Learned a level 2 spell: Poisonous Vapours
  1008 | D:1      | Reached XP level 3. HP: 22/24 MP: 4/6
  2148 | D:2      | Reached XP level 4. HP: 17/30 MP: 0/7
  2220 | D:2      | Found a blossoming altar of Fedhas.
  2506 | D:3      | Reached skill level 5 in Poison Magic
  2522 | D:3      | Learned a level 4 spell: Olgreb's Toxic Radiance
  2529 | D:3      | Found Onyf's Antique Weapon Shoppe.
  2616 | D:3      | Found Wyrchano's Weapon Boutique.
  2618 | D:3      | Identified the +10 quarterstaff of Gautzein {elec, Fly}
  3102 | D:3      | Noticed an ice beast
  3116 | D:3      | Killed an ice beast
  3117 | D:3      | Gained mutation: Your touch may inflict minor irresistible
                  | damage on your foes. [demonic ancestry]
  3117 | D:3      | Reached XP level 5. HP: 35/35 MP: 8/8
  3173 | D:3      | Found an ancient bone altar of Kikubaaqudgha.
  3462 | D:3      | Found Hisog's Weapon Emporium.
  3730 | D:4      | Gained mutation: You regenerate magic rapidly. [demonic
                  | ancestry]
  3730 | D:4      | Reached XP level 6. HP: 41/41 MP: 9/9
  3773 | D:4      | Identified the +7 leather armour of Loan {Contam rF+ Will+}
  4106 | D:4      | Gained mutation: You have an unusually large brain. (Int
                  | +2) [demonic ancestry]
  4106 | D:4      | Reached XP level 7. HP: 46/46 MP: 8/10
  4346 | D:5      | Entered Level 5 of the Dungeon
  4507 | D:5      | Learned a level 3 spell: Mephitic Cloud
  4604 | D:5      | Found a sacrificial altar of Ru.
  4646 | D:5      | Identified the +2 helmet of the Charming Gods {rElec}
  4765 | D:5      | Reached skill level 1 in Conjurations
  5136 | D:6      | Reached skill level 1 in Air Magic
  5136 | D:6      | Gained mutation: You have an extremely huge brain. (Int +4)
                  | [demonic ancestry]
  5136 | D:6      | Reached XP level 8. HP: 39/52 MP: 8/11
  5223 | D:6      | Found a sparkling altar of Nemelex Xobeh.
  5447 | D:6      | Found Imufur's Antique Armour Boutique.
  5447 | D:6      | Found Efraunk's Magic Scroll Boutique.
  5463 | D:6      | Found Riyxuirgh's Assorted Antiques.
  5463 | D:6      | Found Ajocro's General Store.
  5483 | D:6      | Bought a twisted coral ring for 110 gold pieces
  5496 | D:6      | Bought a scroll of enchant armour for 97 gold pieces
  5500 | D:6      | Bought a scroll of enchant armour for 75 gold pieces
  6051 | D:7      | Reached skill level 10 in Poison Magic
  6144 | D:7      | Noticed a hornet
  6149 | D:7      | Killed a hornet
  6150 | D:7      | Reached skill level 5 in Spellcasting
  6198 | D:7      | Gained mutation: Your touch may inflict irresistible damage
                  | on your foes. [demonic ancestry]
  6198 | D:7      | Reached XP level 9. HP: 47/57 MP: 14/17
  6275 | D:7      | Noticed Pikel
  6294 | D:7      | Killed Pikel
  6344 | D:7      | Found a transporter.
  6345 | D:7      | Noticed Jeffwins's ghost (novice HuWn)
  6360 | D:7      | Found a transporter.
  6383 | D:7      | Found a staircase to the Ecumenical Temple.
  6412 | Temple   | Entered the Ecumenical Temple
  6422 | Temple   | Became a worshipper of Vehumet
  6465 | D:7      | Learned a level 3 spell: Swiftness
  6500 | D:7      | Found a runed translucent door.
  6501 | D:7      | Noticed Crazy Yiuf
  6586 | D:7      | Killed Crazy Yiuf
  7286 | D:8      | Found a sand-covered staircase.
  7295 | Ossuary  | Entered an ossuary
  7406 | D:8      | Reached * piety under Vehumet
  7406 | D:8      | Offered knowledge of Foxfire by Vehumet.
  7475 | D:8      | Found a staircase to the Lair.
  7737 | D:8      | Reached XP level 10. HP: 60/63 MP: 19/22
  7976 | D:8      | Identified the +11 hand axe of the Freezing Dove {heavy,
                  | rCorr}
  8174 | D:6      | Bought a scroll of teleportation for 30 gold pieces
  8186 | D:6      | Bought a potion of curing for 66 gold pieces
  8186 | D:6      | Bought a potion of curing for 66 gold pieces
  8186 | D:6      | Bought a potion of heal wounds for 110 gold pieces
  8194 | D:6      | Bought a scroll of magic mapping for 97 gold pieces
  8677 | Lair:1   | Entered Level 1 of the Lair of Beasts
  8677 | Lair:1   | Noticed an elephant
  8677 | Lair:1   | Noticed an elephant
  8678 | Lair:1   | Noticed an elephant
  8679 | Lair:1   | Noticed an elephant
  8680 | Lair:1   | Noticed an elephant
  8689 | D:8      | Reached skill level 1 in Fighting
  8704 | D:8      | Killed an elephant
  8906 | Lair:1   | Noticed a cane toad
  8917 | Lair:1   | Killed a cane toad
  8925 | Lair:1   | Noticed a black mamba
  8937 | Lair:1   | Killed a black mamba
  8938 | Lair:1   | Reached skill level 5 in Fighting
  9176 | D:9      | Reached skill level 1 in Staves
  9286 | D:9      | Reached skill level 2 in Staves
  9338 | D:9      | Identified the +0 chain mail "Zaor" {rF+}
  9367 | D:9      | Reached skill level 3 in Staves
  9402 | D:9      | Noticed a two-headed ogre
  9408 | D:9      | Reached skill level 4 in Staves
  9438 | D:9      | Found an iron altar of Okawaru.
  9455 | D:9      | Killed a two-headed ogre
  9455 | D:9      | Offered knowledge of Magic Dart by Vehumet.
  9456 | D:9      | Reached skill level 5 in Staves
  9478 | D:9      | Reached ** piety under Vehumet
  9487 | D:9      | Reached XP level 11. HP: 70/81 MP: 24/24
  9852 | D:10     | Entered Level 10 of the Dungeon
  9925 | D:10     | Noticed Urug
  9947 | D:10     | Killed Urug
  9948 | D:10     | Reached skill level 6 in Staves
 10293 | D:10     | Found a staircase to the Orcish Mines.
 10310 | D:10     | Noticed Maurice
 10324 | D:10     | Killed Maurice
 10328 | D:10     | Reached skill level 7 in Staves
 10592 | D:10     | Reached skill level 8 in Staves
 10602 | D:10     | Offered knowledge of Frozen Ramparts by Vehumet.
 10795 | D:10     | Reached *** piety under Vehumet
 10959 | Lair:1   | Noticed a catoblepas
 10989 | D:8      | Killed a catoblepas
 10990 | D:8      | Reached skill level 9 in Staves
 11221 | D:8      | Reached skill level 10 in Staves
 11815 | Lair:1   | Noticed a boulder beetle
 11830 | Lair:1   | Killed a boulder beetle
 11831 | Lair:1   | Reached XP level 12. HP: 88/88 MP: 21/25
 11864 | Lair:1   | Offered knowledge of Dazzling Flash by Vehumet.
 11925 | Lair:1   | Reached skill level 11 in Staves
 11942 | Lair:1   | You are sucked into a shaft and drop 1 floor!
 11942 | Lair:2   | Found a hole to the Spider Nest.
 12025 | Lair:2   | Noticed a catoblepas
 12380 | Lair:2   | Noticed an eight-headed hydra
 12386 | Lair:2   | Killed an eight-headed hydra
 12416 | Lair:2   | Found an opulent altar of Gozag.
 12463 | Lair:2   | Noticed a six-headed hydra
 12475 | Lair:2   | HP: 3/89 [six-headed hydra (7)]
 12476 | Lair:2   | Slain by a six-headed hydra

Illustrated notes

Levels and vault maps discovered:
D:1:      eino_arrival_cavern_e, layout_loops_ring
D:2:      layout_basic, basic_altar, minmay_ruptured
D:3:      minmay_inner_zag, layout_rooms, nicolae_overflow_crystal_walls,
          serial_shops, nicolae_shop_overgrown_old_shop,
          nicolae_shop_temple_entry_statues_fountains, nicolae_shop_behind_doors
D:4:      cheibrodos_quashed, layout_basic
D:5:      layout_basic, lemuel_round_altar, hangedman_decor_riveting
D:6:      layout_basic, mainiacjoe_overflow_large_starburst,
          minmay_shop_grid_forest
D:7:      layout_basic, minmay_temple_entry_statues_pillars,
          gammafunk_ghost_stat_death, minmay_a_box_with_orc_wizards_in_it,
          uniq_crazy_yiuf_cottage, uniq_pikel
D:8:      layout_loops_ring, erik_lair_orcish_takeover,
          nicolae_ossuary_entry_monument
D:9:      layout_roguey, okawaru_ov_weapons_minmay
D:10:     layout_loops_ring, orc_0_dummy, chequers_mini_garden, uniq_urug,
          uniq_maurice
Temple:   sentei_temple_godly_chess
Lair:1:   layout_hall_layers, beast_lair_carwin_8
Lair:2:   layout_big_grid, dummy_spider_entry, basic_altar, serial_bayou_shore_b

Skill      XL: |  1  2  3  4  5  6  7  8  9 10 11 12 |
---------------+-------------------------------------+-----
Poison Magic   | 4 6 8 9 10 | 10.0
Conjurations   | 1 2 |  2.7
Air Magic      | 1 2 4 |  4.4
Spellcasting   | 5 8 9 |  9.0
Fighting       | 6 |  6.5
Staves         | 5 10 11 | 11.7
Dodging        | 2 |  2.6
Stealth        | |  1.7
Transmutations | |  0.8

Action                     |  1- 3 |  4- 6 |  7- 9 | 10-12 || total
---------------------------+-------+-------+-------+-------++-------
  Melee: Short sword       |    45 |     6 |       |       ||    51
         Punch             |     2 |       |       |       ||     2
         Quarterstaff      |       |    58 |   194 |   287 ||   539
   Cast: Sting             |    66 |    18 |    13 |    13 ||   110
         Poisonous Vapours |     7 |    28 |    49 |    58 ||   142
         Mephitic Cloud    |       |       |     3 |    16 ||    19
  Evoke: Wand              |       |       |       |     4 ||     4
    Use: Scroll            |       |     6 |     4 |    21 ||    31
         Potion            |       |     1 |     1 |    11 ||    13
   Stab: Sleeping          |       |     4 |     1 |       ||     5
         Invisible         |       |       |       |     2 ||     2
         Confused          |       |       |       |     8 ||     8
 Armour: Robe              |     7 |     6 |       |       ||    13
         Skin              |       |    11 |       |       ||    11
         Leather armour    |       |       |    49 |   131 ||   180
  Dodge: Dodged            |    18 |    16 |   129 |   223 ||   386
  Block: Other             |       |    16 |    52 |    79 ||   147
         Reflection        |       |     1 |     1 |       ||     2

Table legend: (Time is in decaauts)
 A = Elapsed time spent in this place.
 B = Non-inter-level travel time spent in this place.
 C = Inter-level travel time spent in this place.
 D = Time resting spent in this place.
 E = Time spent auto-exploring this place.
 F = Levels seen in this place.
 G = Mean time per level.
                   A        B        C        D        E       F      G
               +--------+--------+--------+--------+--------+-----+--------+
         Total |  12527 |  11878 |    649 |   3024 |   6231 |  14 |  894.8 |
       Dungeon |  11340 |  10733 |    607 |   2699 |   6001 |  10 | 1134.0 |
        Temple |     16 |      8 |      8 |      0 |      0 |   1 |   16.0 |
          Lair |   1054 |   1021 |     33 |    325 |    230 |   2 |  527.0 |
       Ossuary |    115 |    115 |      0 |      0 |      0 |   1 |  115.0 |
               +--------+--------+--------+--------+--------+-----+--------+

Top non-repeatable levels by time:
     D:8: 1861 daAuts
     D:2: 1357 daAuts
     D:7: 1337 daAuts
     D:6: 1303 daAuts
     D:1: 1122 daAuts
     D:3: 1037 daAuts
    D:10: 1006 daAuts
     D:4: 843 daAuts
     D:5: 762 daAuts
  Lair:1: 750 daAuts
     D:9: 708 daAuts
  Lair:2: 304 daAuts
 Ossuary: 115 daAuts
  Temple: 16 daAuts
